 Dungeon Crawl Stone Soup version 0.31-a0-152-g6aa68a64a1 (webtiles) character file.

Game seed: 6600527759196848386

3676 qw the Skirmisher (level 10, -2/94 HPs)
             Began as a Naga Hunter on June 10, 2023.
             Was a Believer of Okawaru.
             Shot with an arrow by a gnoll sergeant (5 damage)
             ... on level 8 of the Dungeon.
             The game lasted 00:02:45 (6528 turns).

qw the Skirmisher (Naga Hunter)                     Turns: 6528, Time: 00:02:46

Health: -2/94      AC:  7    Str: 20    XL:     10   Next: 13%
Magic:  12/13      EV: 14    Int:  6    God:    Okawaru [**....]
Gold:   325        SH:  0    Dex: 18    Spells: 9/9 levels left

rFire   . . .        Y - +0 orcbow
rCold   . . .        (shield currently unavailable)
rNeg    + + .        o - +0 leather armour {rN+}
rPois   +            (no helmet)
rElec   .            (no cloak)
rCorr   .            m - +1 pair of gloves of Dithmenos's Regard {Rampage Fly Int-4}
SInv    +            (no barding)
Will    +....        h - amulet of the acrobat
Stlth   +++          k - ring of positive energy
HPRegen 0.35/turn    l - +6 ring of strength
MPRegen 0.13/turn

%: acrobat, rampage
@: heroic, flying, very slow
A: AC +3, large, see invisible, deformed body, poison resistance, slowness 2,
spit poison 1, naga tail 1
a: Spit Poison, Renounce Religion, Heroism


You were on level 8 of the Dungeon.
You worshipped Okawaru.
Okawaru was pleased with you.
You visited 1 branch of the dungeon, and saw 8 of its levels.

You collected 390 gold pieces.
You spent 65 gold pieces at shops.


Innate Abilities, Weirdness & Mutations

Your serpentine skin is tough. (AC +3)
You have supernaturally acute eyesight. (SInv)
Armour fits poorly on your strangely shaped body.
Your system is resistant to poisons. (rPois)
You cover ground very slowly.
You can spit poison.
You have a snake-like lower body.


   Skills:
 - Level 7.0(12.0) Fighting
 + Level 10.9(15.9) Ranged Weapons
 - Level 1.3(6.3) Armour
 - Level 3.3(8.3) Dodging
 - Level 1.5(6.5) Stealth
 - Level 4.2 Invocations


You had 9 spell levels left.
You didn't know any spells.
Your spell library was empty.

Inventory:

Hand Weapons
 Y - a +0 orcbow (weapon)
Armour
 m - the +1 pair of gloves of Dithmenos's Regard (worn) {Rampage Fly Int-4}
   (You found it on level 6 of the Dungeon)

   Int:       It affects your intelligence (-4).
   Fly:       It grants you flight.
   Rampage:   It bestows one free step when moving towards enemies.
 o - a +0 leather armour of positive energy (worn)
Jewellery
 h - an amulet of the acrobat (around neck)
 k - a ring of positive energy (left hand)
 l - a +6 ring of strength (right hand)
 q - a ring of ice
Scrolls
 f - a scroll of enchant armour
 i - a scroll of identify
Potions
 a - a potion of curing
 e - a potion of cancellation
 j - a potion of haste

Dungeon Overview and Level Annotations

Branches:
Dungeon (8/15)             Temple (0/1) D:5
   Lair: D:8-11

Altars:
Ashenzari
Dithmenos
Nemelex Xobeh
Okawaru
Ru
Uskayaw
Wu Jian

Shops:
D:2 !

Annotations:
D:3 2 transporters, qw's ghost, amateur MiHu


Message History

6518 ||| Stepping ~*~*~tactically~*~*~ (outnumbered).
The gnoll sergeant completely misses you.
The gnoll hits you but does no damage. The ice beast completely misses you.
6519 ||| Stepping ~*~*~tactically~*~*~ (outnumbered).
You have got your breath back.
6520 ||| INVOKING Spit Poison.
Aiming: Spit Poison (1% risk of failure)
Press: ? - help, Shift-Dir - straight line, f - gnoll, p - gnoll sergeant The splash of poison misses the gnoll.
6521 ||| Stepping ~*~*~tactically~*~*~ (outnumbered).
The gnoll sergeant looks more healthy.
You shoot an arrow.
The arrow hits the ice beast but does no damage.
The ice beast misses you. The gnoll hits you with a +0 club.
The gnoll sergeant misses you.
You shoot an arrow. The arrow hits the ice beast!
The ice beast is heavily wounded.
The gnoll completely misses you. The ice beast hits you.
The ice beast freezes you!
You shoot an arrow. The arrow closely misses the ice beast.
The arrow closely misses the gnoll sergeant.
The arrow barely misses the orc wizard.
The gnoll sergeant hits you from afar with a +0 spear!
The gnoll closely misses you. The ice beast completely misses you.
You shoot an arrow. The arrow hits the ice beast!
You kill the ice beast!
Okawaru accepts your kill.
The gnoll sergeant unwields a +0 spear.
The gnoll sergeant wields a +0 orcbow.
The gnoll sergeant shoots an arrow.
The arrow barely misses you.
You shoot an arrow. The arrow hits the gnoll!
The gnoll is heavily wounded.
The gnoll hits you with a +0 club.
You shoot an arrow. The arrow closely misses the gnoll.
You hear a shout!
The gnoll sergeant shoots an arrow.
The arrow closely misses you. The gnoll hits you with a +0 club.
You shoot an arrow. The arrow closely misses the gnoll.
You have got your breath back.
The gnoll sergeant shoots an arrow.
The arrow hits you.
You die...

#.....##...# #.......#
##..<...# .......
###...##.##
.o.......##.....# #
..)..........>.##
.........###.###
....... ##...## .....o?
##@....####
#[....o##.g.....#.###
#....o)gg..._.......#
#.....)o#.......#...###
.......###.....##.....#
..##.## ##...##....###
. #. ##.###....# .
#...##.### . ########


You could see a gnoll sergeant, an orc wizard and 2 gnolls.

Vanquished Creatures
  A manticore (D:7)
  Grinder (D:5)
  A wyvern (D:7)
  Edmund (D:5)
  2 water moccasins (D:7)
  2 orc warriors
  An ice beast (D:8)
  A sky beast (D:6)
  A black bear (D:6)
  An ogre (D:5)
  5 centaurs
  A phantom (D:7)
  Blork the orc (D:5)
  2 kobold brigands
  A bullfrog (D:7)
  4 scorpions
  4 wights (D:7)
  3 howler monkeys
  4 hounds
  A gnoll bouda (D:6)
  5 orc priests
  3 orc wizards
  3 sleepcaps
  2 iguanas
  4 gnolls
  9 adders
  A white imp (D:6)
  An ufetubus (D:5)
  2 worms
  2 dart slugs (D:2)
  33 orcs
  3 endoplasms
  3 giant cockroaches
  6 goblins
  5 hobgoblins
  3 jackals (D:5)
  3 quokkas
  3 ball pythons
  7 bats
  4 frilled lizards
  A goblin zombie (D:4)
  16 kobolds
  A quokka zombie (D:4)
  A rat (D:2)
159 creatures vanquished.

Notes
Turn   | Place    | Note
-------+----------+-------------------------------------------
     0 | D:1      | qw the Naga Hunter began the quest for the Orb.
     0 | D:1      | Reached XP level 1. HP: 19/19 MP: 1/1
     0 | D:1      | 0 ||| qw: Version: 0.2-a-122-gbc61b45
     0 | D:1      | 0 ||| qw: Game counter: 3614
     0 | D:1      | 0 ||| qw: Always use a shield: true
     0 | D:1      | 0 ||| qw: God list: Okawaru
     0 | D:1      | 0 ||| qw: Allow faded altars: false
     0 | D:1      | 0 ||| qw: Do Orc after D:15 true
     0 | D:1      | 0 ||| qw: Do second Lair branch before Depths: true
     0 | D:1      | 0 ||| qw: Lair rune preference: random
     0 | D:1      | 0 ||| qw: Plans: Normal
     0 | D:1      | 0 ||| PLANNING D:1-11
    52 | D:1      | 52 ||| INVOKING Spit Poison.
    62 | D:1      | 62 ||| INVOKING Spit Poison.
    63 | D:1      | 63 ||| INVOKING Spit Poison.
    71 | D:1      | 71 ||| INVOKING Spit Poison.
    76 | D:1      | 76 ||| INVOKING Spit Poison.
   131 | D:1      | 131 ||| INVOKING Spit Poison.
   138 | D:1      | 138 ||| INVOKING Spit Poison.
   139 | D:1      | Reached skill level 4 in Ranged Weapons
   139 | D:1      | Reached XP level 2. HP: 26/26 MP: 2/2
   228 | D:1      | 228 ||| INVOKING Spit Poison.
   233 | D:1      | 233 ||| INVOKING Spit Poison.
   239 | D:1      | 239 ||| INVOKING Spit Poison.
   249 | D:1      | 249 ||| INVOKING Spit Poison.
   265 | D:1      | 265 ||| INVOKING Spit Poison.
   279 | D:1      | 279 ||| INVOKING Spit Poison.
   336 | D:1      | Found a faded altar of an unknown god.
   351 | D:1      | 351 ||| INVOKING Spit Poison.
   500 | D:1      | 500 ||| READING scroll labelled XAPEIR YCAL.
   501 | D:1      | 501 ||| READING scroll labelled LAULAF TUUGAZI.
   502 | D:1      | 502 ||| DRINKING 2 puce potions.
   503 | D:1      | 503 ||| DROPPING scroll of butterflies.
   504 | D:1      | 504 ||| DROPPING potion of attraction.
   556 | D:2      | 556 ||| INVOKING Spit Poison.
   574 | D:2      | Found Vudux's Distillery.
   579 | D:2      | 579 ||| INVOKING Spit Poison.
   582 | D:2      | 582 ||| INVOKING Spit Poison.
   586 | D:2      | 586 ||| INVOKING Spit Poison.
   590 | D:2      | 590 ||| FLEEEEING.
   591 | D:2      | 591 ||| FLEEEEING.
   592 | D:2      | 592 ||| FLEEEEING.
   593 | D:2      | 593 ||| FLEEEEING.
   594 | D:2      | 594 ||| FLEEEEING.
   595 | D:2      | 595 ||| FLEEEEING.
   596 | D:2      | 596 ||| FLEEEEING.
   597 | D:2      | 597 ||| FLEEEEING.
   599 | D:2      | 599 ||| FLEEEEING.
   600 | D:2      | 600 ||| FLEEEEING.
   601 | D:2      | 601 ||| FLEEEEING.
   604 | D:2      | 604 ||| INVOKING Spit Poison.
   607 | D:2      | Reached XP level 3. HP: 31/32 MP: 3/3
   624 | D:2      | 624 ||| BUYING potion of heal wounds (65 gold).
   624 | D:2      | Bought a potion of heal wounds for 65 gold pieces
   624 | D:2      | 624 ||| SHOPLISTING potion of heal wounds (65 gold, have
                  | 24).
   624 | D:2      | 624 ||| SHOPLISTING potion of might (52 gold, have 24).
   652 | D:2      | 652 ||| INVOKING Spit Poison.
   706 | D:2      | 706 ||| INVOKING Spit Poison.
   827 | D:2      | 827 ||| INVOKING Spit Poison.
   904 | D:2      | 904 ||| INVOKING Spit Poison.
   918 | D:2      | 918 ||| INVOKING Spit Poison.
   925 | D:2      | 925 ||| INVOKING Spit Poison.
   929 | D:2      | 929 ||| INVOKING Spit Poison.
   950 | D:2      | 950 ||| INVOKING Spit Poison.
   961 | D:2      | 961 ||| INVOKING Spit Poison.
  1044 | D:2      | 1044 ||| INVOKING Spit Poison.
  1080 | D:2      | 1080 ||| INVOKING Spit Poison.
  1081 | D:2      | Reached skill level 5 in Ranged Weapons
  1081 | D:2      | Reached XP level 4. HP: 39/39 MP: 4/4
  1089 | D:2      | 1089 ||| INVOKING Spit Poison.
  1211 | D:2      | 1211 ||| READING scroll labelled IDOTSOTTAY.
  1212 | D:2      | 1212 ||| READING 2 scrolls labelled WIWETY YTOUX.
  1213 | D:2      | 1213 ||| READING scroll labelled RUOLYO XEIPOCO.
  1214 | D:2      | 1214 ||| READING scroll labelled ZITIGE XIARGH.
  1215 | D:2      | 1215 ||| READING scroll labelled VERREE FETUSI.
  1248 | D:3      | 1248 ||| INVOKING Spit Poison.
  1270 | D:3      | 1270 ||| INVOKING Spit Poison.
  1275 | D:3      | 1275 ||| INVOKING Spit Poison.
  1291 | D:3      | 1291 ||| INVOKING Spit Poison.
  1341 | D:3      | Found a hide-covered altar of Uskayaw.
  1343 | D:3      | 1343 ||| INVOKING Spit Poison.
  1349 | D:3      | 1349 ||| INVOKING Spit Poison.
  1420 | D:3      | 1420 ||| INVOKING Spit Poison.
  1425 | D:3      | 1425 ||| INVOKING Spit Poison.
  1428 | D:3      | 1428 ||| INVOKING Spit Poison.
  1501 | D:3      | 1501 ||| INVOKING Spit Poison.
  1506 | D:3      | 1506 ||| INVOKING Spit Poison.
  1511 | D:3      | 1511 ||| INVOKING Spit Poison.
  1594 | D:3      | Found an ornate altar of the Wu Jian Council.
  1596 | D:3      | 1596 ||| INVOKING Spit Poison.
  1626 | D:3      | Found a transporter.
  1628 | D:3      | Noticed qw's ghost (amateur MiHu)
  1656 | D:3      | Found a transporter.
  1774 | D:3      | 1774 ||| UPGRADING to amulet of the acrobat.
  1779 | D:3      | 1779 ||| UPGRADING to ring of positive energy.
  1780 | D:3      | 1780 ||| DRINKING 2 grey potions.
  1787 | D:3      | 1787 ||| DRINKING 2 black potions.
  1788 | D:3      | 1788 ||| DRINKING 2 fuming dark potions.
  1789 | D:3      | 1789 ||| DROPPING potion of ambrosia.
  1790 | D:3      | 1790 ||| DROPPING potion of enlightenment.
  1825 | D:4      | 1825 ||| PLANNING OSSUARY
  1837 | D:4      | 1837 ||| INVOKING Spit Poison.
  1877 | D:4      | 1877 ||| INVOKING Spit Poison.
  1895 | D:4      | 1895 ||| INVOKING Spit Poison.
  1896 | D:4      | Reached skill level 3 in Fighting
  1928 | D:4      | 1928 ||| INVOKING Spit Poison.
  1935 | D:4      | 1935 ||| INVOKING Spit Poison.
  1936 | D:4      | Reached XP level 5. HP: 39/49 MP: 5/5
  2127 | D:4      | 2127 ||| INVOKING Spit Poison.
  2245 | D:4      | 2245 ||| INVOKING Spit Poison.
  2298 | D:4      | 2298 ||| RIP OSSUARY
  2299 | D:4      | 2299 ||| PLANNING D:1-11
  2299 | D:4      | 2299 ||| INVOKING Spit Poison.
  2365 | D:4      | 2365 ||| INVOKING Spit Poison.
  2370 | D:4      | 2370 ||| INVOKING Spit Poison.
  2429 | D:4      | 2429 ||| INVOKING Spit Poison.
  2464 | D:4      | Reached skill level 6 in Ranged Weapons
  2464 | D:4      | 2464 ||| INVOKING Spit Poison.
  2672 | D:4      | Reached XP level 6. HP: 56/56 MP: 6/6
  2745 | D:4      | Found a sacrificial altar of Ru.
  2748 | D:4      | 2748 ||| READING scroll labelled SATTEG REIMEGG.
  2749 | D:4      | 2749 ||| DRINKING 2 viscous orange potions.
  2767 | D:5      | Entered Level 5 of the Dungeon
  2772 | D:5      | 2772 ||| INVOKING Spit Poison.
  2866 | D:5      | Found an iron altar of Okawaru.
  2867 | D:5      | 2867 ||| PLANNING OKAWARU WORSHIP
  2867 | D:5      | 2867 ||| READING scroll labelled SUKHUSOLUSS.
  2871 | D:5      | Became a worshipper of Warmaster Okawaru
  2871 | D:5      | 2871 ||| PLANNING D:1-11
  2881 | D:5      | 2881 ||| INVOKING Spit Poison.
  2884 | D:5      | 2884 ||| INVOKING Spit Poison.
  2907 | D:5      | 2907 ||| INVOKING Spit Poison.
  2912 | D:5      | 2912 ||| INVOKING Spit Poison.
  2918 | D:5      | 2918 ||| INVOKING Spit Poison.
  2923 | D:5      | 2923 ||| INVOKING Spit Poison.
  3065 | D:5      | 3065 ||| INVOKING Spit Poison.
  3072 | D:5      | 3072 ||| INVOKING Spit Poison.
  3073 | D:5      | Reached XP level 7. HP: 45/64 MP: 7/7
  3144 | D:5      | 3144 ||| INVOKING Spit Poison.
  3150 | D:5      | 3150 ||| INVOKING Spit Poison.
  3155 | D:5      | 3155 ||| INVOKING Spit Poison.
  3257 | D:5      | Noticed Grinder
  3284 | D:5      | Killed Grinder
  3284 | D:5      | Reached * piety under Okawaru
  3285 | D:5      | Reached skill level 7 in Ranged Weapons
  3554 | D:5      | Noticed Blork the orc
  3555 | D:5      | 3555 ||| INVOKING Heroism.
  3556 | D:5      | 3556 ||| INVOKING Spit Poison.
  3562 | D:5      | HP: 11/64 [Blork the orc/+1 scimitar of holy wrath (12)]
  3563 | D:5      | 3563 ||| READING scroll of teleportation.
  3564 | D:5      | 3564 ||| DRINKING 2 potions of heal wounds.
  3565 | D:5      | 3565 ||| INVOKING Spit Poison.
  3565 | D:5      | Killed Blork the orc
  3566 | D:5      | 3566 ||| DRINKING potion of heal wounds.
  3596 | D:5      | 3596 ||| INVOKING Spit Poison.
  3613 | D:5      | 3613 ||| INVOKING Spit Poison.
  3620 | D:5      | 3620 ||| INVOKING Spit Poison.
  3726 | D:5      | Noticed Edmund
  3728 | D:5      | 3728 ||| INVOKING Spit Poison.
  3735 | D:5      | 3735 ||| INVOKING Spit Poison.
  3735 | D:5      | Killed Edmund
  3736 | D:5      | Reached XP level 8. HP: 72/72 MP: 8/8
  3772 | D:5      | 3772 ||| INVOKING Spit Poison.
  3800 | D:5      | 3800 ||| INVOKING Spit Poison.
  3805 | D:5      | 3805 ||| INVOKING Heroism.
  3806 | D:5      | 3806 ||| INVOKING Spit Poison.
  3807 | D:5      | Reached skill level 8 in Ranged Weapons
  3811 | D:5      | 3811 ||| INVOKING Spit Poison.
  3812 | D:5      | Reached skill level 1 in Invocations
  3951 | D:5      | Found a staircase to the Ecumenical Temple.
  3995 | D:5      | 3995 ||| UPGRADING to +6 ring of strength.
  3996 | D:5      | 3996 ||| READING scroll labelled XOFANUCOMP.
  3997 | D:5      | 3997 ||| DRINKING 2 fuming ruby potions.
  3998 | D:5      | 3998 ||| DROPPING potion of brilliance.
  4030 | D:6      | 4030 ||| INVOKING Spit Poison.
  4125 | D:6      | 4125 ||| INVOKING Spit Poison.
  4126 | D:6      | 4126 ||| INVOKING Heroism.
  4131 | D:6      | 4131 ||| INVOKING Spit Poison.
  4141 | D:6      | 4141 ||| INVOKING Spit Poison.
  4180 | D:6      | 4180 ||| INVOKING Spit Poison.
  4184 | D:6      | 4184 ||| INVOKING Spit Poison.
  4188 | D:6      | 4188 ||| INVOKING Spit Poison.
  4200 | D:6      | 4200 ||| INVOKING Spit Poison.
  4217 | D:6      | 4217 ||| INVOKING Heroism.
  4218 | D:6      | 4218 ||| INVOKING Spit Poison.
  4220 | D:6      | 4220 ||| Stepping ~*~*~tactically~*~*~ (outnumbered).
  4221 | D:6      | 4221 ||| INVOKING Spit Poison.
  4230 | D:6      | 4230 ||| INVOKING Spit Poison.
  4234 | D:6      | 4234 ||| INVOKING Spit Poison.
  4240 | D:6      | Reached skill level 3 in Invocations
  4250 | D:6      | 4250 ||| INVOKING Spit Poison.
  4257 | D:6      | 4257 ||| INVOKING Spit Poison.
  4263 | D:6      | 4263 ||| INVOKING Spit Poison.
  4266 | D:6      | 4266 ||| INVOKING Spit Poison.
  4299 | D:6      | Identified the +1 pair of gloves of Dithmenos's Regard
                  | {Rampage Fly Int-4}
  4320 | D:6      | 4320 ||| INVOKING Spit Poison.
  4324 | D:6      | Found a sparkling altar of Nemelex Xobeh.
  4342 | D:6      | 4342 ||| INVOKING Heroism.
  4346 | D:6      | 4346 ||| INVOKING Spit Poison.
  4449 | D:6      | 4449 ||| SWAPPING to +0 orcbow.
  4454 | D:6      | 4454 ||| Stepping ~*~*~tactically~*~*~ (outnumbered).
  4455 | D:6      | 4455 ||| DROPPING +1 shortbow.
  4463 | D:6      | 4463 ||| INVOKING Spit Poison.
  4464 | D:6      | 4464 ||| INVOKING Heroism.
  4484 | D:6      | 4484 ||| INVOKING Spit Poison.
  4489 | D:6      | 4489 ||| INVOKING Spit Poison.
  4582 | D:6      | 4582 ||| INVOKING Heroism.
  4583 | D:6      | 4583 ||| INVOKING Spit Poison.
  4592 | D:6      | Reached skill level 9 in Ranged Weapons
  4592 | D:6      | Reached XP level 9. HP: 36/81 MP: 10/12
  4735 | D:6      | 4735 ||| INVOKING Spit Poison.
  4761 | D:6      | 4761 ||| INVOKING Spit Poison.
  4763 | D:6      | 4763 ||| Stepping ~*~*~tactically~*~*~ (outnumbered).
  4780 | D:6      | 4780 ||| INVOKING Spit Poison.
  4794 | D:6      | 4794 ||| INVOKING Spit Poison.
  4799 | D:6      | 4799 ||| INVOKING Spit Poison.
  4799 | D:6      | Reached ** piety under Okawaru
  4800 | D:6      | Reached skill level 3 in Dodging
  4946 | D:6      | 4946 ||| INVOKING Spit Poison.
  4949 | D:6      | 4949 ||| INVOKING Spit Poison.
  4953 | D:6      | 4953 ||| INVOKING Spit Poison.
  4956 | D:6      | 4956 ||| INVOKING Heroism.
  4957 | D:6      | 4957 ||| Stepping ~*~*~tactically~*~*~ (outnumbered).
  4958 | D:6      | 4958 ||| INVOKING Spit Poison.
  4961 | D:6      | 4961 ||| INVOKING Spit Poison.
  4966 | D:6      | 4966 ||| INVOKING Spit Poison.
  5112 | D:6      | Found a shadowy altar of Dithmenos.
  5272 | D:6      | 5272 ||| UPGRADING to +1 pair of gloves of Dithmenos's
                  | Regard {Rampage Fly Int-4}.
  5277 | D:6      | 5277 ||| UPGRADING to +0 leather armour of positive energy.
  5287 | D:6      | 5287 ||| DROPPING +0 leather armour.
  5288 | D:6      | 5288 ||| READING scroll labelled REHOKU GOFIDIK.
  5289 | D:6      | 5289 ||| READING scroll labelled FIGGIACIMNO.
  5290 | D:6      | 5290 ||| DRINKING 2 murky puce potions.
  5291 | D:6      | 5291 ||| READING 2 scrolls of identify.
  5291 | D:6      | 5291 ||| IDENTIFYING fuming orange potion
  5292 | D:6      | 5292 ||| DROPPING potion of berserk rage.
  5333 | D:7      | 5333 ||| INVOKING Heroism.
  5334 | D:7      | 5334 ||| INVOKING Spit Poison.
  5339 | D:7      | 5339 ||| INVOKING Spit Poison.
  5344 | D:7      | Reached skill level 1 in Armour
  5347 | D:7      | 5347 ||| INVOKING Spit Poison.
  5352 | D:7      | HP: 17/81 [orc priest/+0 trident (6)]
  5356 | D:7      | 5356 ||| INVOKING Spit Poison.
  5360 | D:7      | HP: 17/81 [orc priest/+0 trident (2)]
  5363 | D:7      | 5363 ||| INVOKING Heroism.
  5364 | D:7      | HP: 4/81 [orc priest/+0 trident (6)]
  5365 | D:7      | 5365 ||| INVOKING Spit Poison.
  5645 | D:7      | 5645 ||| INVOKING Spit Poison.
  5649 | D:7      | 5649 ||| INVOKING Spit Poison.
  5653 | D:7      | 5653 ||| INVOKING Spit Poison.
  5654 | D:7      | 5654 ||| INVOKING Heroism.
  5656 | D:7      | Reached skill level 6 in Fighting
  5865 | D:7      | 5865 ||| INVOKING Spit Poison.
  5885 | D:7      | 5885 ||| INVOKING Spit Poison.
  5892 | D:7      | 5892 ||| INVOKING Spit Poison.
  5978 | D:7      | Noticed a manticore
  5979 | D:7      | 5979 ||| INVOKING Heroism.
  5980 | D:7      | 5980 ||| INVOKING Spit Poison.
  5987 | D:7      | 5987 ||| INVOKING Spit Poison.
  5990 | D:7      | Killed a manticore
  5991 | D:7      | Reached skill level 10 in Ranged Weapons
  6129 | D:7      | 6129 ||| INVOKING Heroism.
  6288 | D:7      | 6288 ||| INVOKING Heroism.
  6291 | D:7      | 6291 ||| INVOKING Spit Poison.
  6334 | D:7      | Reached XP level 10. HP: 80/94 MP: 13/13
  6439 | D:7      | 6439 ||| READING 2 scrolls of identify.
  6439 | D:7      | 6439 ||| IDENTIFYING murky inky potion
  6440 | D:7      | 6440 ||| DROPPING potion of invisibility.
  6455 | D:8      | Found a broken altar of Ashenzari.
  6483 | D:8      | 6483 ||| INVOKING Spit Poison.
  6485 | D:8      | 6485 ||| INVOKING Heroism.
  6486 | D:8      | 6486 ||| INVOKING Spit Poison.
  6494 | D:8      | 6494 ||| INVOKING Spit Poison.
  6502 | D:8      | 6502 ||| INVOKING Spit Poison.
  6510 | D:8      | 6510 ||| INVOKING Spit Poison.
  6514 | D:8      | 6514 ||| INVOKING Spit Poison.
  6515 | D:8      | 6515 ||| INVOKING Heroism.
  6518 | D:8      | 6518 ||| Stepping ~*~*~tactically~*~*~ (outnumbered).
  6519 | D:8      | 6519 ||| Stepping ~*~*~tactically~*~*~ (outnumbered).
  6520 | D:8      | 6520 ||| INVOKING Spit Poison.
  6521 | D:8      | 6521 ||| Stepping ~*~*~tactically~*~*~ (outnumbered).
  6523 | D:8      | HP: 19/94 [ice beast (9)]
  6524 | D:8      | HP: 9/94 [gnoll sergeant/+0 spear (10)]
  6527 | D:8      | HP: 3/94 [gnoll/+0 club[a gnoll sergeant] (6)]
  6528 | D:8      | Shot with an arrow by a gnoll sergeant

Levels and vault maps discovered:
D:1:      amcnicky_arrival_feature_with_door, layout_rooms,
          shapermc_ecumenical_altar_notcrosses
D:2:      layout_basic, serial_shops, nicolae_shop_stone, minmay_misc_feat_chi
D:3:      layout_basic, nicolae_wu_jian_immortal_techniques, lemuel_tele_altar,
          gammafunk_ghost_stat_death
D:4:      layout_basic, nicolae_ru_path_of_blood, enter_ossuary_4
D:5:      layout_cave_pools, mainiacjoe_overflow_24_doors,
          minmay_temple_entry_nine_rooms, uniq_blork_the_orc, uniq_edmund,
          uniq_grinder
D:6:      layout_loops_ring, kennysheep_mini,
          mainiacjoe_overflow_small_starburst, amcnicky_mini_pool_medium
D:7:      layout_basic
D:8:      layout_cave_pools, lemuel_round_altar, serial_bayou_pond_c

Skill      XL: |  1  2  3  4  5  6  7  8  9 |
---------------+----------------------------+-----
Ranged Weapons | 4 5 6 7 9 10 | 10.9
Fighting       | 3 4 5 7 |  7.0
Dodging        | 2 3 |  3.3
Invocations    | 4 |  4.2
Armour         | 1 |  1.3
Stealth        | |  1.5

Action                     |  1- 3 |  4- 6 |  7- 9 | 10-12 || total
---------------------------+-------+-------+-------+-------++-------
   Fire: Shortbow          |    61 |   117 |   145 |       ||   323
         Orcbow            |       |       |   146 |    37 ||   183
 Invoke: Heroism           |       |       |    14 |     2 ||    16
Ability: Spit Poison       |    29 |    35 |    61 |     7 ||   132
    Use: Scroll            |     2 |     7 |     5 |     1 ||    15
         Potion            |     1 |     4 |     4 |       ||     9
 Armour: Leather armour    |     6 |    17 |    31 |    13 ||    67
  Dodge: Dodged            |     7 |    36 |   119 |    47 ||   209

Table legend:
 A = Non-vault XP
 B = Vault XP
 C = Vault XP percentage of total XP
 D = Non-vault monster count
 E = Vault monster count
 F = Vault count percentage of total count
                 A         B        C        D         E       F
            +---------+---------+-------+---------+---------+-------
      Total |    4346 |     906 |  17.3 |     149 |      10 |   6.3
            +---------+---------+-------+---------+---------+-------
        D:1 |      26 |       0 |   0.0 |      17 |       0 |   0.0
        D:2 |      69 |       0 |   0.0 |      22 |       0 |   0.0
        D:3 |      41 |       0 |   0.0 |      14 |       0 |   0.0
        D:4 |     181 |       2 |   1.1 |      12 |       2 |  14.3
        D:5 |     449 |     564 |  55.7 |      20 |       3 |  13.0
        D:6 |    1077 |     340 |  24.0 |      31 |       5 |  13.9
        D:7 |    1925 |       0 |   0.0 |      22 |       0 |   0.0
        D:8 |     578 |       0 |   0.0 |      11 |       0 |   0.0
            +---------+---------+-------+---------+---------+-------
